 Dungeon Crawl Stone Soup version 0.19.3-4-gbf9329e (webtiles) character file.

91142 Mefis the Thaumaturge (level 15, -1/75 HPs)
             Began as a Deep Elf Wizard on Jan 27, 2017.
             Was an Elder of Sif Muna.
             Slain by a spark wasp (4 damage)
             ... on level 2 of the Spider Nest.
             The game lasted 01:59:18 (35668 turns).

Mefis the Thaumaturge (Deep Elf Wizard)            Turns: 35668, Time: 01:59:20

Health: -1/75      AC: 11    Str: 14    XL:     15   Next: 54%
Magic:  20/38      EV: 17    Int: 34    God:    Sif Muna [****..]
Gold:   1892       SH:  1    Dex: 17    Spells: 11 memorised, 0 levels left

rFire  x . .     SeeInvis +     a - +3 trident of Sysohut {flame, rElec Str+4 SInv}
rCold  + . .     Gourm    .     M - +4 robe of Augmentation {Str+4 Int+4 Dex+4}
rNeg   . . .     Faith    .     (no shield)
rPois  +         Spirit   .     E - +0 helmet
rElec  +         Reflect  .     Z - +0 cloak
rCorr  .         Harm     .     Y - +0 pair of gloves of the World {MR++ Str+2}
MR     +++..                    J - +0 pair of boots
Stlth  +++.......               h - amulet of magic regeneration
                                i - ring of poison resistance
                                p - ring of ice

@: studying Necromancy, repel missiles, corpse armour
A: fangs 1, high mp 1
a: Divine Energy, Channel Magic, Forget Spell, Renounce Religion


You were on level 2 of the Spider Nest.
You worshipped Sif Muna.
Sif Muna was greatly pleased with you.
You were not hungry.

You visited 5 branches of the dungeon, and saw 26 of its levels.

You collected 3058 gold pieces.
You spent 1146 gold pieces at shops.
You donated 20 gold pieces to Zin.

Inventory:

Hand Weapons
 a - the +3 trident of Sysohut (weapon) {flame, rElec Str+4 SInv}
   (You found it on level 6 of the Lair of Beasts)

   It has been specially enchanted to burn those struck by it, causing extra
   injury to most foes and up to half again as much damage against particularly
   susceptible opponents.
   It affects your strength (+4).
   It insulates you from electricity.
   It lets you see invisible.
Missiles
 o - a throwing net (quivered)
 T - 38 poisoned needles
Armour
 b - a +0 robe of fire resistance
 E - a +0 helmet (worn)
 J - a +0 pair of boots (worn)
 M - the +4 robe of Augmentation (worn) {Str+4 Int+4 Dex+4}
   (You found it on level 7 of the Dungeon)

   It affects your strength (+4).
   It affects your intelligence (+4).
   It affects your dexterity (+4).
 Y - the +0 pair of gloves of the World (worn) {MR++ Str+2}
   (You bought it in a shop on level 14 of the Dungeon)

   It affects your strength (+2).
   It affects your resistance to hostile enchantments.
 Z - a +0 cloak (worn)
Jewellery
 h - an amulet of magic regeneration (around neck)
 i - a ring of poison resistance (right hand)
 p - a ring of ice (left hand)
 B - an uncursed ring of protection from fire
 U - the ring "Jevuhahu" {rF++ MR+ MP+9 Dex-5, unknown}
   (You found it on level 2 of the Spider Nest)

   [ring of magical power]

   It affects your dexterity (-5).
   It greatly protects you from fire.
   It affects your resistance to hostile enchantments.
   It affects your magic capacity (+9).
Wands
 g - a wand of disintegration (13/24)
 j - a wand of iceblast (4/15)
 v - a wand of acid (4/15)
 P - a wand of polymorph (6/24)
 Q - a wand of lightning (6/15)
Scrolls
 c - a scroll of summoning
 k - 7 scrolls of blinking
 l - 4 scrolls of fear
 m - 12 scrolls of teleportation
 u - 13 scrolls of remove curse
 w - 5 scrolls of magic mapping
 x - 3 scrolls of vulnerability
 y - a scroll of identify
 F - 2 scrolls of noise
 L - a scroll of acquirement {unknown}
 O - 4 scrolls of fog
 S - a scroll of immolation
Potions
 e - a potion of ambrosia
 f - a potion of agility
 n - 2 potions of might
 r - 5 potions of heal wounds
 s - a potion of resistance {unknown}
 t - a potion of flight
 A - 4 potions of brilliance
 C - a potion of magic {unknown}
 N - 5 potions of curing
 R - a potion of invisibility {unknown}
Books
 H - a manual of Necromancy
Miscellaneous
 z - a fan of gales
 V - a phantom mirror
Comestibles
 d - 6 bread rations
 q - 6 beef jerkies
 D - 2 slices of pizza
 G - 2 royal jellies
 I - 16 meat rations
 K - 17 fruits


   Skills:
 - Level 1.9 Fighting
 - Level 7.6 Dodging
 - Level 6.2 Stealth
 + Level 14.4 Spellcasting
 - Level 9.7 Conjurations
 - Level 6.7 Hexes
   Level 8.0 Summonings
 + Level 10.8 Necromancy
 - Level 7.0 Translocations
 - Level 10.9 Ice Magic
 * Level 12.8 Air Magic
 - Level 2.7 Earth Magic
   Level 2.3 Poison Magic
 + Level 7.9 Invocations
 + Level 7.5 Evocations


You couldn't memorise any spells.
You knew the following spells:

 Your Spells              Type           Power        Failure   Level  Hunger
a - Stone Arrow           Conj/Erth      ######       1%          3    None
c - Blink                 Tloc           N/A          1%          2    None
g - Slow                  Hex            ######..     1%          2    None
h - Cause Fear            Hex            ######....   1%          4    None
m - Death Channel         Necr           #######...   2%          6    ##.....
o - Repel Missiles        Chrm/Air       ######       1%          2    None
p - Cigotuvi's Embrace    Necr           #######...   1%          5    None
q - Freezing Cloud        Conj/Ice/Air   ########..   2%          6    ##.....
s - Bolt of Draining      Conj/Necr      #######...   1%          5    None
w - Metabolic Englaciati  Hex/Ice        #######...   1%          5    None
x - Swiftness             Chrm/Air       ######..     1%          2    None


Dungeon Overview and Level Annotations

Branches:
Dungeon (15/15)            Temple (1/1) D:5            Lair (6/6) D:11
  Swamp (0/4) Lair:3       Spider (2/4) Lair:4        Slime (0/5) Lair:6
    Orc (2/2) D:9             Elf (0/3) Orc:2        Vaults (0/5) D:13
 Depths: D:15

Altars:
Ashenzari
Cheibriados
Dithmenos
Elyvilon
Fedhas
Gozag
Hepliaklqana
Kikubaaqudgha
Makhleb
Nemelex Xobeh
Okawaru
Qazlal
Ru
Sif Muna
Trog
Uskayaw
Vehumet
Xom
Yredelemnul
Zin
The Shining One
Beogh

Shops:
D:9 *   D:14 *   Orc:2 !([}:

Annotations:
D:4 dig
D:8 TuxedoFelix's ghost, novice MiFi
Lair:2 lindwurm


Innate Abilities, Weirdness & Mutations

You have very sharp teeth.
You have an increased reservoir of magic. (+10% MP)


Message History

The spark wasp stings you!! The spark wasp shocks you. You resist.
Casting: Bolt of Draining
Confirm with . or Enter, or press ? or * to list all spells.
Aiming: Bolt of Draining
Press: ? - help, Shift-Dir - straight line, f/p - spark wasp
Aim: a spark wasp (heavily wounded, lightly drained)
The bolt of negative energy misses the spark wasp.
The spark wasp stings you!! The spark wasp shocks you. You resist.
Casting: Bolt of Draining
Confirm with . or Enter, or press ? or * to list all spells.
Aiming: Bolt of Draining
Press: ? - help, Shift-Dir - straight line, f/p - spark wasp
Aim: a spark wasp (heavily wounded, lightly drained)
The bolt of negative energy hits the spark wasp.
The spark wasp is drained!
The spark wasp is severely wounded.
The spark wasp completely misses you. The spark wasp stings you!!
* * * LOW HITPOINT WARNING * * *
The spark wasp shocks you. You resist.
You die...

#####≈#≈≈...#
#≈≈≈#≈≈≈#...#
≈≈≈≈≈≈≈#...## .
≈#≈##...## ..
##.....## .≈#
#......# ≈≈
###..#..#
#≈##.###
##....####
##..?y@###...###
#........##..##
....#.#......#
.#^ ####....##
###..# ####


You could see a spark wasp.

Vanquished Creatures
  The ghost of Feta the Slinger, a journeyman FoFi of Okawaru (D:12)
  2 fire dragons
  Josephine (Orc:2)
  8 hydras
  A catoblepas (Lair:6)
  3 centaur warriors
  2 dancing weapons (D:13)
  An ogre mage (Orc:2)
  2 orc high priests
  Urug (Lair:5)
  A tengu warrior (D:14)
  An unseen horror (D:14)
  5 hill giants
  5 lindwurms
  9 orc knights
  An orc sorcerer (Orc:1)
  7 wolf spiders
  3 orb spiders (Spider:1)
  2 deep elf magi
  2 manticores
  6 ugly things (D:15)
  A guardian serpent (Lair:6)
  6 black mambas
  17 spiny frogs
  6 rime drakes
  A rime drake (shapeshifter) (D:14)
  A demonic crawler (Spider:1)
  10 komodo dragons
  A polar bear (shapeshifter) (D:15)
  7 jumping spiders
  2 polar bears
  5 trolls
  4 hornets
  A two-headed ogre (Orc:2)
  13 blink frogs
  15 slime creatures
  9 hippogriffs
  5 tarantellas (Spider:1)
  14 redbacks
  A spriggan (D:7)
  10 wyverns
  23 yaks
  4 wraiths
  4 basilisks
  A steam dragon (D:7)
  7 vampire mosquitoes
  Menkaure (D:6)
  A soldier ant (D:14)
  2 mottled dragons
  9 wargs
  17 water moccasins
  3 swamp drakes (Lair:6)
  3 porcupines
  2 black bears
  3 phantoms
  5 sky beasts
  36 orc warriors
  2 eyes of draining
  5 ice beasts
  3 necrophages (D:9)
  10 wolves
  21 ogres
  11 centaurs
  Blork the orc (D:4)
  17 crocodiles
  2 big kobolds
  21 bullfrogs
  A wyvern zombie (D:8)
  5 scorpions
  5 wights (D:7)
  4 electric eels (Lair:4)
  10 howler monkeys
  4 jellies
  11 crimson imps
  2 centaur zombies
  4 human zombies (D:9)
  A quasit (D:10)
  14 orc priests
  6 hounds
  2 centaur skeletons
  2 bullfrog skeletons
  2 gnoll shamans
  11 iguanas
  18 orc wizards
  14 worker ants
  2 hound zombies
  A hound skeleton (D:3)
  2 mummies (D:9)
  2 worker ant zombies (D:9)
  Robin (D:4)
  16 gnolls
  18 adders
  A howler monkey skeleton (D:11)
  A river rat (Lair:6)
  3 shadow imps
  An ooze (D:2)
  An adder skeleton (D:6)
  2 adder zombies
  7 worms
  A dart slug (D:1)
  6 leopard geckos
  111 orcs
  6 giant cockroaches
  10 goblins
  11 hobgoblins
  3 quokkas
  5 ball pythons
  8 bats
  4 frilled lizards
  10 kobolds
  A leopard gecko skeleton (D:4)
  A leopard gecko zombie (D:6)
  An orc skeleton (D:9)
  An orc zombie (D:9)
  2 quokka skeletons (D:6)
  A quokka zombie (D:6)
  6 rats
  5 fungi (Lair:6)
  6 plants (Lair:6)
  2 snaplasher vines (Lair:6)
782 creatures vanquished.

Vanquished Creatures (collateral kills)
  An emperor scorpion (Spider:2)
  The ghost of lisu the Warrior, a journeyman MiFi of Okawaru (Lair:4)
  The ghost of Mefis the Thaumaturge, a journeyman DEWz of Sif Muna (Lair:5)
  An orb spider (Spider:1)
  An orc sorcerer (Orc:2)
  3 wolf spiders
  A black mamba (Lair:5)
  A demonic crawler (Spider:1)
  6 jumping spiders
  10 blink frogs (Lair:5)
  Sigmund (D:4)
  3 tarantellas
  2 redbacks
  A wraith (Orc:2)
  A warg (Orc:2)
  A water moccasin (Lair:4)
  2 wolves (Lair:2)
  2 orcs (Orc:2)
  A bush (Lair:4)
  2 fungi
  6 plants
48 creatures vanquished.

Vanquished Creatures (others)
  2 bushes (Lair:5)
  15 fungi
  50 plants
  A snaplasher vine (Lair:5)
68 creatures vanquished.

Grand Total: 898 creatures vanquished

Notes
Turn   | Place    | Note
-------+----------+-------------------------------------------
     0 | D:1      | Mefis the Deep Elf Wizard began the quest for the Orb.
     0 | D:1      | Reached XP level 1. HP: 10/10 MP: 7/7
   224 | D:1      | Reached XP level 2. HP: 15/15 MP: 7/9
   228 | D:1      | Learned a level 2 spell: Call Imp
   231 | D:1      | Learned a level 2 spell: Blink
   234 | D:1      | Learned a level 2 spell: Repel Missiles
   956 | D:1      | Reached XP level 3. HP: 19/19 MP: 6/11
   961 | D:1      | Learned a level 3 spell: Mephitic Cloud
   981 | D:2      | Reached skill level 5 in Spellcasting
  1485 | D:2      | Found a snail-covered altar of Cheibriados.
  1805 | D:2      | Found an iron altar of Okawaru.
  1813 | D:2      | Reached XP level 4. HP: 24/24 MP: 8/13
  1952 | D:2      | Found a sacrificial altar of Ru.
  1952 | D:2      | Found a shadowy altar of Dithmenos.
  2138 | D:2      | Learned a level 3 spell: Conjure Flame
  2641 | D:3      | Found a radiant altar of Vehumet.
  2773 | D:3      | Reached skill level 1 in Air Magic
  2975 | D:3      | Reached XP level 5. HP: 28/28 MP: 10/15
  2979 | D:3      | Learned a level 2 spell: Slow
  3371 | D:4      | Noticed Blork the orc
  3392 | D:4      | Killed Blork the orc
  3392 | D:4      | Reached skill level 6 in Spellcasting
  3392 | D:4      | Reached skill level 1 in Hexes
  3392 | D:4      | Reached skill level 1 in Poison Magic
  3813 | D:4      | Reached XP level 6. HP: 18/32 MP: 6/17
  4108 | D:4      | Found a glowing silver altar of Zin.
  4192 | D:4      | Noticed Sigmund
  4211 | D:4      | Killed Sigmund
  4705 | D:4      | Noticed Robin
  4714 | D:4      | Killed Robin
  5034 | D:4      | Became a worshipper of Zin the Law-Giver
  5034 | D:4      | Reached * piety under Zin
  5036 | D:4      | Fell from the grace of Zin
  5074 | D:5      | Entered Level 5 of the Dungeon
  5132 | D:5      | Noticed a sky beast
  5150 | D:5      | Reached XP level 7. HP: 36/36 MP: 6/19
  5154 | D:5      | Reached skill level 7 in Spellcasting
  5467 | D:5      | Learned a level 3 spell: Stone Arrow
  5470 | D:5      | Learned a level 2 spell: Corpse Rot
  5577 | D:5      | Found a blossoming altar of Fedhas.
  5753 | D:5      | Found a staircase to the Ecumenical Temple.
  5846 | Temple   | Entered the Ecumenical Temple
  5980 | Temple   | Became a worshipper of Sif Muna the Loreminder
  6151 | D:6      | Found a bloodstained altar of Trog.
  6445 | D:6      | Noticed Menkaure
  6454 | D:6      | Killed Menkaure
  6454 | D:6      | Reached skill level 1 in Necromancy
  6454 | D:6      | Reached XP level 8. HP: 41/41 MP: 1/21
  6815 | D:7      | Reached skill level 5 in Stealth
  6966 | D:7      | Reached * piety under Sif Muna
  7067 | D:7      | Reached skill level 8 in Spellcasting
  7177 | D:7      | Reached skill level 5 in Dodging
  7306 | D:7      | Reached XP level 9. HP: 45/45 MP: 11/23
  8208 | D:8      | Noticed TuxedoFelix's ghost (novice MiFi)
  8247 | D:7      | Reached ** piety under Sif Muna
  8765 | D:8      | Reached skill level 5 in Hexes
  9120 | D:9      | Reached skill level 5 in Summonings
  9394 | D:9      | Reached skill level 5 in Translocations
  9427 | D:9      | Reached skill level 5 in Conjurations
  9427 | D:9      | Reached skill level 1 in Invocations
  9427 | D:9      | Reached skill level 1 in Evocations
  9499 | D:9      | Reached *** piety under Sif Muna
  9610 | D:9      | Reached XP level 10. HP: 50/50 MP: 6/24
  9684 | D:9      | Found a staircase to the Orcish Mines.
  9863 | D:9      | Noticed a manticore
  9889 | D:9      | Killed a manticore
 10147 | D:9      | Reached skill level 9 in Spellcasting
 10762 | D:9      | Found Tyziogee's General Store.
 10771 | D:9      | Bought a potion of beneficial mutation for 455 gold pieces
 10771 | D:9      | Gained mutation: You have very sharp teeth. [potion of beneficial mutation]
 10772 | D:9      | Gained mutation: You have an increased reservoir of magic. (+10% MP) [potion of beneficial mutation]
 10854 | D:9      | Reached skill level 5 in Air Magic
 10963 | D:9      | Found an ancient bone altar of Kikubaaqudgha.
 11000 | D:10     | Entered Level 10 of the Dungeon
 11202 | D:10     | Reached **** piety under Sif Muna
 12083 | D:11     | Found a staircase to the Lair.
 12273 | D:11     | Learned a level 5 spell: Summon Forest
 12294 | D:11     | Reached XP level 11. HP: 24/54 MP: 2/28
 12559 | D:11     | Reached skill level 5 in Necromancy
 13679 | D:12     | Noticed a hill giant
 13802 | D:12     | Reached ***** piety under Sif Muna
 13872 | D:12     | Noticed Feta's ghost (journeyman FoFi)
 13935 | D:12     | Noticed a hill giant
 13941 | D:12     | Killed a hill giant
 13941 | D:12     | Received a gift from Sif Muna
 13990 | D:11     | Learned a level 4 spell: Cause Fear
 13996 | D:11     | Learned a level 3 spell: Inner Flame
 13997 | Lair:1   | Entered Level 1 of the Lair of Beasts
 14220 | Lair:1   | Reached skill level 1 in Earth Magic
 14944 | Lair:1   | Reached skill level 10 in Spellcasting
 15102 | D:12     | Learned a level 6 spell: Freezing Cloud
 15389 | Lair:2   | Reached skill level 1 in Ice Magic
 15873 | Lair:2   | Noticed a seven-headed hydra
 15890 | Lair:2   | Killed a seven-headed hydra
 16186 | Lair:2   | Noticed a lindwurm
 16279 | Lair:3   | Reached XP level 12. HP: 59/59 MP: 14/31
 16557 | Lair:3   | Reached skill level 5 in Ice Magic
 16614 | Lair:3   | Noticed a six-headed hydra
 16639 | Lair:3   | Killed a six-headed hydra
 17104 | Lair:3   | Found a staircase to the Swamp.
 17104 | Lair:3   | Noticed a six-headed hydra
 17125 | Lair:3   | Killed a six-headed hydra
 17125 | Lair:3   | Reached skill level 11 in Spellcasting
 17274 | Lair:4   | Noticed a six-headed hydra
 17283 | Lair:4   | Killed a six-headed hydra
 17454 | Lair:4   | Found a hole to the Spider Nest.
 18431 | Lair:4   | Noticed lisu's ghost (journeyman MiFi)
 18981 | Lair:4   | Killed lisu's ghost
 19414 | Lair:5   | Noticed Urug
 19433 | Lair:5   | Killed Urug
 20113 | Lair:5   | Noticed a six-headed hydra
 20121 | Lair:5   | Killed a six-headed hydra
 20125 | Lair:5   | Reached XP level 13. HP: 63/63 MP: 12/33
 20273 | Lair:5   | Learned a level 5 spell: Metabolic Englaciation
 20657 | Lair:5   | Reached skill level 12 in Spellcasting
 21040 | Lair:5   | Identified Sif Muna's Papyrus of Dark Rites (Sif Muna gifted it to you on level 5 of the Lair of Beasts)
 21040 | Lair:5   | Received a gift from Sif Muna
 21097 | Lair:5   | Noticed Mefis's ghost (journeyman DEWz)
 21110 | Lair:5   | Killed Mefis's ghost
 21256 | Lair:6   | Entered Level 6 of the Lair of Beasts
 21331 | Lair:6   | Found a staircase to the Slime Pits.
 22552 | Lair:6   | Reached skill level 10 in Ice Magic
 23167 | Lair:6   | Reached skill level 10 in Air Magic
 23352 | Lair:6   | Identified Sif Muna's Grimoire of Doomed Lightness (Sif Muna gifted it to you on level 6 of the Lair of Beasts)
 23352 | Lair:6   | Received a gift from Sif Muna
 23482 | Lair:6   | Learned a level 5 spell: Bolt of Draining
 24281 | Lair:6   | Noticed a fire dragon
 24333 | Lair:6   | Killed a fire dragon
 24333 | Lair:6   | Reached skill level 13 in Spellcasting
 24333 | Lair:6   | Reached XP level 14. HP: 68/68 MP: 18/36
 24593 | Lair:6   | Got a pitted trident
 24594 | Lair:6   | Identified the +3 trident of Sysohut {flame, rElec Str+4 SInv} (You found it on level 6 of the Lair of Beasts)
 24776 | Lair:1   | Learned a level 2 spell: Swiftness
 24868 | Orc:1    | Entered Level 1 of the Orcish Mines
 25255 | D:12     | Reached skill level 1 in Fighting
 25618 | D:12     | Killed Feta's ghost
 25618 | D:12     | Reached skill level 5 in Invocations
 26915 | D:13     | Identified Sif Muna's Guide on Black Magic and Damage Dealing (Sif Muna gifted it to you on level 13 of the Dungeon)
 26915 | D:13     | Received a gift from Sif Muna
 27165 | D:13     | Found a gate to the Vaults.
 27625 | D:13     | Reached skill level 5 in Evocations
 28229 | D:14     | Found Zaopla's Assorted Antiques.
 28274 | D:14     | Bought a scroll of identify for 52 gold pieces
 28274 | D:14     | Bought a blackened moonstone ring for 130 gold pieces
 28274 | D:14     | Bought a scroll of fog for 52 gold pieces
 28274 | D:14     | Bought a pair of smoking gloves for 247 gold pieces
 28284 | D:14     | Identified the cursed +0 pair of gloves of the World {MR++ Str+2} (You bought it in a shop on level 14 of the Dungeon)
 28309 | D:14     | Found a hazy altar of Hepliaklqana.
 29470 | D:14     | Learned a level 6 spell: Death Channel
 29479 | D:14     | Learned a level 5 spell: Cigotuvi's Embrace
 29618 | D:15     | Entered Level 15 of the Dungeon
 29838 | D:15     | Identified The Foundations of Spellcraft
 31430 | Orc:1    | Found a roughly hewn altar of Beogh.
 31597 | Orc:2    | Entered Level 2 of the Orcish Mines
 31997 | Orc:2    | Found a staircase to the Elven Halls.
 32047 | Orc:2    | Found Neng's Distillery.
 32430 | Orc:2    | Bought 2 potions of heal wounds for 100 gold pieces
 32430 | Orc:2    | Bought a potion of brilliance for 40 gold pieces
 32430 | Orc:2    | Bought a potion of lignification for 30 gold pieces
 32430 | Orc:2    | Bought a potion of brilliance for 40 gold pieces
 32436 | Orc:2    | Found Xinesuas's Antique Weapon Shoppe.
 32470 | Orc:2    | Reached XP level 15. HP: 66/75 MP: 10/38
 32640 | Orc:2    | Noticed Josephine
 32644 | Orc:2    | Found a roughly hewn altar of Beogh.
 32709 | Orc:2    | Reached skill level 14 in Spellcasting
 33090 | Orc:2    | Found Ysaqyij's Antique Armour Shop.
 33090 | Orc:2    | Found Cireles's Gadget Shoppe.
 33240 | Orc:2    | Found Joezet's Book Shoppe.
 33371 | Orc:2    | Killed Josephine
 33454 | Orc:2    | Reached skill level 10 in Necromancy
 33971 | Lair:1   | Learned a level 2 spell: Slow
 34079 | Spider:1 | Entered Level 1 of the Spider Nest
 35660 | Spider:2 | Got a sparkling golden ring
 35668 | Spider:2 | HP: 3/75 [spark wasp (25)]
 35668 | Spider:2 | Slain by a spark wasp

Skill      XL: |  1  2  3  4  5  6  7  8  9 10 11 12 13 14 15 |
---------------+----------------------------------------------+-----
Stealth        | 3 4 5 6 |  6.2
Spellcasting   | 5 6 7 8 9 10 11 13 14 | 14.4
Dodging        | 3 4 5 7 |  7.6
Conjurations   | 2 3 4 5 6 8 9 |  9.7
Air Magic      | 1 2 3 4 5 8 10 11 12 | 12.8
Hexes          | 1 2 3 4 5 6 |  6.7
Poison Magic   | 1 2 |  2.3
Translocations | 2 3 5 6 7 |  7.0
Summonings     | 2 3 5 7 8 |  8.0
Necromancy     | 1 2 3 4 5 9 10 | 10.8
Invocations    | 1 3 4 6 7 |  7.9
Evocations     | 1 2 3 4 6 7 |  7.5
Earth Magic    | 2 |  2.7
Ice Magic      | 4 8 10 | 10.9
Fighting       | 1 |  1.9

Action                   |  1- 3 |  4- 6 |  7- 9 | 10-12 | 13-15 || total
-------------------------+-------+-------+-------+-------+-------++-------
Melee: Halberd           |       |     1 |     6 |       |       ||     7
       Hand axe          |       |     8 |       |       |       ||     8
       Dagger            |       |     1 |    41 |    78 |    18 ||   138
       Bite              |       |       |       |     4 |     4 ||     8
       Trident           |       |       |       |       |    55 ||    55
 Fire: Blowgun           |       |       |       |   162 |       ||   162
 Cast: Magic Dart        |    91 |   176 |    98 |    58 |       ||   423
       Blink             |     2 |     2 |    11 |    16 |    13 ||    44
       Repel Missiles    |     1 |       |       |     3 |     3 ||     7
       Mephitic Cloud    |       |     8 |    15 |    23 |     3 ||    49
       Conjure Flame     |       |     3 |     8 |    19 |       ||    30
       Call Imp          |       |     3 |       |       |       ||     3
       Stone Arrow       |       |       |   142 |   418 |   268 ||   828
       Slow              |       |       |     1 |    15 |     5 ||    21
       Cause Fear        |       |       |       |     8 |     4 ||    12
       Summon Forest     |       |       |       |     7 |     3 ||    10
       Freezing Cloud    |       |       |       |     2 |    92 ||    94
       Bolt of Draining  |       |       |       |       |   306 ||   306
       Metabolic Englaci |       |       |       |       |    40 ||    40
       Cigotuvi's Embrac |       |       |       |       |    21 ||    21
       Swiftness         |       |       |       |       |     1 ||     1
       Death Channel     |       |       |       |       |     8 ||     8
Invok: Renounce Religion |       |     1 |       |       |       ||     1
       Forget Spell      |       |       |       |     3 |     4 ||     7
       Divine Energy     |       |       |       |       |     5 ||     5
       Stop Divine Energ |       |       |       |       |     5 ||     5
       Channel Magic     |       |       |       |       |     7 ||     7
Evoke: Wand              |       |       |       |       |     2 ||     2
       Fan of gales      |       |       |       |       |     1 ||     1
  Use: Scroll            |       |     2 |     9 |    10 |    12 ||    33
       Potion            |       |     2 |       |     2 |     3 ||     7
 Stab: Sleeping          |       |     1 |     1 |     5 |     4 ||    11
       Confused          |       |     1 |     3 |     2 |       ||     6
       Distracted        |       |       |       |       |     1 ||     1
  Eat: Chunk             |     2 |     6 |    13 |    32 |    43 ||    96
       Meat ration       |       |     1 |       |       |       ||     1
       Bread ration      |       |       |       |       |     4 ||     4
Armor: Robe              |     2 |     4 |    16 |    47 |    40 ||   109
Dodge: Dodged            |     7 |    25 |    49 |   181 |   177 ||   439
       Deflected         |       |     1 |     4 |     3 |    27 ||    35
Block: Other             |       |       |       |       |     2 ||     2
